Map: Central Protocol

Players

Hqrdest

  • Race: Zerg Zerg
  • League: Master

Miszu - Winner!

  • Race: Terran Terran
  • League: Master

VOD

Have the link to the VOD?

Description

Time

  • Played on: March 18, 2016, 4:15 p.m.
  • Length: 8:11
Show
View Real Time Build Order
Export as new Build Order

Hqrdest Zerg 

Build Orders: Pool First 

Get SALT Encoding   

  12  0:01  Drone  
  13  0:13  Overlord  
  13  0:17  Drone  
  14  0:31  Drone x2  
  16  0:36  Drone  
  17  0:46  Drone  
  18  0:50  Spawning Pool  
  18  0:57  Drone  
  18  1:00  Extractor  
  17  1:08  Drone  
  18  1:19  Drone, Hatchery  
  18  1:30  Drone  
  19  1:37  Queen  
  21  1:40  Overlord  
  21  1:51  Zergling x2  
  22  2:01  Drone  
  22  2:02  Metabolic Boost  
  23  2:13  Queen, Drone  
  26  2:25  Drone  
  27  2:31  Queen  
  27  2:32  Drone  
  29  2:44  Spore Crawler  
  29  2:47  Extractor, Drone x2  
  29  2:48  Pneumatized Carapace, Drone  
  30  2:55  Zergling x4  
  30  2:57  Spine Crawler  
  33  3:02  Zergling x4  
  35  3:12  Zergling x4  
  36  3:21  Zergling x4  
  36  3:23  Overlord  
  36  3:31  Overlord  
  35  3:44  Drone x3  
  35  3:45  Roach Warren  
  37  3:59  Overlord  
  37  4:03  Drone x3  
  40  4:22  Zergling x12  
  38  4:25  Queen  
  38  4:30  Roach  
  42  4:33  Roach  
  44  4:42  Queen  
  44  4:44  Roach x2  
  48  4:48  Drone x2  
  50  4:54  Ravager  
  48  5:01  Roach x4  
  54  5:11  Ravager  
  52  5:14  Zergling x4  
  52  5:15  Zergling x4  
  53  5:26  Drone x2  
  55  5:34  Drone  
  56  5:38  Drone  
  56  5:45  Drone  
  55  5:51  Zergling x8  
  55  5:52  Overlord  
  55  5:56  Overlord  
  59  6:05  Hatchery  
  59  6:09  Drone x2  
  57  6:16  Zergling x6  
  60  6:21  Zergling x6  
  60  6:22  Zergling x2  
  64  6:27  Ravager  
  64  6:28  Ravager  
  66  6:34  Ravager  
  66  6:37  Drone x5  
  66  6:39  Extractor  
  70  6:40  Extractor  
  70  6:43  Drone  
  70  6:44  Drone  
  70  6:47  Evolution Chamber  
  70  6:48  Evolution Chamber  
  70  6:51  Overlord x2  
  70  6:52  Drone  
  70  6:58  Drone x2  
  65  7:10  Drone x2  
  65  7:17  Drone x3  
  65  7:20  Queen  
  70  7:25  Drone x3  
  70  7:26  Drone x3  
  63  7:39  Zergling x6  
  63  7:40  Hatchery  
  59  7:45  Zergling x10  
  59  7:49  Baneling Nest  
  59  7:50  Zergling x10  
Show
View Real Time Build Order
Export as new Build Order

Miszu Terran - Winner!

Build Orders: MMM Bio 

Get SALT Encoding   

  12  0:00  SCV  
  13  0:13  SCV  
  14  0:17  Supply Depot  
  14  0:25  SCV  
  15  0:39  SCV  
  15  0:41  Barracks  
  16  0:45  Refinery  
  16  0:51  SCV  
  17  1:01  Barracks  
  18  1:04  SCV  
  18  1:16  SCV  
  19  1:22  Barracks  
  19  1:28  SCV  
  19  1:29  Reaper  
  21  1:34  Refinery  
  21  1:43  Supply Depot  
  21  1:48  Reaper  
  22  1:59  Orbital Command  
  22  2:04  Reaper  
  23  2:11  Reaper  
  24  2:19  Supply Depot  
  24  2:21  Reaper  
  25  2:25  SCV  
  26  2:36  Reaper  
  27  2:37  SCV  
  27  2:43  Reaper  
  29  2:49  SCV  
  30  2:53  Reaper  
  30  2:58  Supply Depot  
  30  3:01  SCV  
  31  3:08  Reaper  
  32  3:13  SCV  
  32  3:15  Reaper  
  34  3:25  Reaper, SCV  
  36  3:37  SCV  
  36  3:40  Command Center  
  36  3:41  Reaper  
  38  3:47  Reaper  
  39  4:04  Barracks Tech Lab  
  39  4:05  Supply Depot  
  39  4:20  SCV  
  38  4:32  SCV  
  38  4:33  Barracks Reactor, Stimpack  
  39  4:39  Factory, Barracks Reactor  
  39  4:40  Barracks  
  39  4:41  Barracks  
  39  4:44  SCV  
  40  4:56  SCV  
  41  5:02  Marine  
  41  5:08  SCV  
  41  5:10  Marine  
  43  5:20  Marine, SCV  
  43  5:27  Marine x2  
  45  5:29  Orbital Command  
  45  5:32  Barracks Reactor x2, Starport  
  45  5:33  Marine x2  
  47  5:36  Factory Reactor  
  47  5:37  SCV  
  47  5:38  Engineering Bay, Marine  
  49  5:48  Marine  
  49  5:49  Marine, SCV  
  50  5:51  Marine x2  
  52  5:58  Marine  
  52  6:00  Orbital Command  
  52  6:02  SCV  
  54  6:06  Marine x2  
  56  6:16  Marine x5  
  62  6:23  Factory Tech Lab  
  60  6:25  Supply Depot  
  60  6:28  SCV  
  61  6:36  SCV  
  62  6:46  Supply Depot  
  62  6:47  Medivac x2, SCV  
  62  6:48  Combat Shields  
  62  6:53  Supply Depot  
  67  6:56  SCV  
  67  6:59  SCV  
  67  7:08  SCV  
  67  7:09  Marine  
  67  7:10  Marine x8  
  67  7:11  SCV  
  78  7:15  Refinery  
  78  7:17  Refinery  
  78  7:20  Supply Depot, SCV  
  78  7:22  Supply Depot  
  79  7:27  Marine  
  79  7:28  Marine x3  
  78  7:40  Marine  
  78  7:41  Marine x4  
  87  7:44  SCV  
  87  7:45  Marine  
  87  7:46  Marine x3  
  87  7:49  Supply Depot  
  87  7:50  SCV  
  92  7:56  SCV  
Tags
 
Add a new tag
Caveats
  • Supply blocks, unpowered buildings, or Contaminate may cause inaccurate times.
  • Supply counts are checked every 10 seconds.